IL
COLORADO SPRINGS SKY SOX @ SACRAMENTO RIVER CATS
07/08/2044
 
TOP OF THE 1ST
Colorado Springs Sky Sox batting - Pitching for Sacramento River Cats : RHP Cortez Laris
Pitching: RHP Cortez Laris
Batting: RHB Orlando Fernandez 0-0: Swinging Strike
0-1: Ball
1-1: Called Strike
1-2: Ball
2-2: Foul Ball, location: 2F
2-2: Strikes out swinging
Batting: RHB Fu-Kang Duan 0-0: Foul Ball, location: 2F
0-1: Ball
1-1: Swinging Strike
1-2: Strikes out looking
Batting: LHB Koson Hirai 0-0: Ground out U3 (Groundball, 3, EV 103.8 MPH)
Top of the 1st over - 0 runs, 0 hits, 0 errors, 0 left on base; Colorado Springs 0 - Sacramento 0
BOTTOM OF THE 1ST
Sacramento River Cats batting - Pitching for Colorado Springs Sky Sox : RHP Trey Price
Pitching: RHP Trey Price
Batting: SHB Danny Garcia 0-0: Called Strike
0-1: Ball
1-1: Ball
2-1: Ball
3-1: Foul Ball, location: 2F
3-2: Foul Ball, location: 2F
3-2: Base on Balls
Batting: RHB Hugo Zacarias 0-0: Called Strike
0-1: Foul Ball, location: 2F
0-2: Foul Ball, location: 2F
0-2: Ball
1-2: Grounds into double play, 4-6-3 (Groundball, 4, EV 81.9 MPH)
Batting: LHB Nate Conley 0-0: Called Strike
0-1: Foul Ball, location: 2F
0-2: Ball
1-2: Fly out, F7 (Flyball, 78M, EV 87.5 MPH)
Bottom of the 1st over - 0 runs, 0 hits, 0 errors, 0 left on base; Colorado Springs 0 - Sacramento 0
TOP OF THE 2ND
Colorado Springs Sky Sox batting - Pitching for Sacramento River Cats : RHP Cortez Laris
Batting: RHB Devine Adams 0-0: Called Strike
0-1: Ball
1-1: DOUBLE (Line Drive, 8LXD, EV 106.9 MPH)
Pinch Runner at 2nd John Michener:
Batting: LHB Dave Doughty 0-0: Called Strike
0-1: Ball
1-1: Ball
Wild Pitch!
John Michener to third
2-1: Called Strike
2-2: Ball
3-2: Foul Ball, location: 2F
3-2: Ground out 6-3 (Groundball, 6, EV 98.8 MPH)
John Michener scores
Batting: RHB George Lundy 0-0: Fly out, F4 (Flyball, 3D, EV 93.1 MPH)
Batting: RHB R.J. Anchondo 0-0: Foul Ball, location: 2F
0-1: Swinging Strike
0-2: Ball
1-2: Foul Ball, location: 2F
1-2: Ball
2-2: Ground out 6-3 (Groundball, 6, EV 98.8 MPH)
Top of the 2nd over - 1 run, 1 hit, 0 errors, 0 left on base; Colorado Springs 1 - Sacramento 0
BOTTOM OF THE 2ND
Sacramento River Cats batting - Pitching for Colorado Springs Sky Sox : RHP Trey Price
Now in LF: John Michener
Now in CF: R.J. Anchondo
Batting: LHB Dave Talbert 0-0: Foul Ball, location: 2F
0-1: Called Strike
0-2: Ball
1-2: Fly out, F7 (Flyball, 78XD, EV 100.0 MPH)
Batting: RHB Roberto Duron 0-0: Ball
1-0: Ball
2-0: Ground out 5-3 (Groundball, 5, EV 89.4 MPH)
Batting: LHB Fred Arends 0-0: Foul Ball, location: 2F
0-1: Ball
1-1: Swinging Strike
1-2: Foul Ball, location: 2F
1-2: Strikes out swinging
Bottom of the 2nd over - 0 runs, 0 hits, 0 errors, 0 left on base; Colorado Springs 1 - Sacramento 0
TOP OF THE 3RD
Colorado Springs Sky Sox batting - Pitching for Sacramento River Cats : RHP Cortez Laris
Batting: RHB Eduardo Camacho 0-0: Foul Ball, location: 2F
0-1: Ball
1-1: SOLO HOME RUN (Flyball, 7D, EV 97.5 MPH), Distance : 387 ft
Batting: RHB Colin Lord 0-0: Foul Ball, location: 2F
0-1: Called Strike
0-2: Ground out 6-3 (Groundball, 6, EV 88.8 MPH)
Batting: RHB Orlando Fernandez 0-0: SINGLE (Line Drive, 78S, EV 100.6 MPH)
Batting: RHB Fu-Kang Duan 0-0: Called Strike
0-1: Ball
1-1: Ball
2-1: Fly out, F9 (Flyball, 9LM, EV 75.0 MPH)
Batting: LHB Koson Hirai 0-0: Ball
1-0: SINGLE (Groundball, 34D, EV 100.0 MPH)
Orlando Fernandez to second
Batting: RHB John Michener 0-0: Foul Ball, location: 2F
0-1: Ball
1-1: Called Strike
1-2: Strikes out swinging
Top of the 3rd over - 1 run, 3 hits, 0 errors, 2 left on base; Colorado Springs 2 - Sacramento 0
BOTTOM OF THE 3RD
Sacramento River Cats batting - Pitching for Colorado Springs Sky Sox : RHP Trey Price
Batting: SHB Jason Spradling 0-0: Ball
1-0: Ball
2-0: Ground out 6-3 (Groundball, 6M, EV 83.1 MPH)
Batting: RHB Martin Guerrero 0-0: Called Strike
0-1: Ball
1-1: Foul Ball, location: 2F
1-2: Foul Ball, location: 2F
1-2: Ball
2-2: Ball
3-2: Foul Ball, location: 2F
3-2: SINGLE (Line Drive, 56, EV 95.6 MPH)
Batting: RHB Matt Fenimore 0-0: Grounds into double play, 4-6-3 (Groundball, 4, EV 92.5 MPH)
Bottom of the 3rd over - 0 runs, 1 hit, 0 errors, 0 left on base; Colorado Springs 2 - Sacramento 0
TOP OF THE 4TH
Colorado Springs Sky Sox batting - Pitching for Sacramento River Cats : RHP Cortez Laris
Batting: LHB Dave Doughty 0-0: Ball
1-0: Ball
2-0: Ball
3-0: Base on Balls
Batting: RHB George Lundy 0-0: Ball
1-0: Called Strike
1-1: Ball
2-1: Ball
3-1: Base on Balls
Dave Doughty to second
Batting: RHB R.J. Anchondo 0-0: Ball
1-0: Foul Ball, location: 2F
1-1: Foul Ball, location: 2F
1-2: Ball
2-2: Grounds into double play, 6-4-3 (Groundball, 6, EV 76.9 MPH)
Dave Doughty to third
Batting: RHB Eduardo Camacho 0-0: Called Strike
0-1: Ball
1-1: Ball
2-1: Ball
3-1: Single, Error in OF, E8, batter to second base (Line Drive, 89S, EV 91.9 MPH)
Dave Doughty scores
Batting: RHB Colin Lord 0-0: Ball
1-0: Called Strike
1-1: Reached on error, E3 (Groundball, 34, EV 105.6 MPH)
Eduardo Camacho to third
Batting: RHB Orlando Fernandez 0-0: Ball
1-0: Ground out 4-3 (Groundball, 4, EV 104.4 MPH)
Top of the 4th over - 1 run, 1 hit, 2 errors, 2 left on base; Colorado Springs 3 - Sacramento 0
BOTTOM OF THE 4TH
Sacramento River Cats batting - Pitching for Colorado Springs Sky Sox : RHP Trey Price
Batting: SHB Danny Garcia 0-0: Ball
1-0: Ground out 6-3 (Groundball, 6M, EV 103.1 MPH)
Batting: RHB Hugo Zacarias 0-0: Called Strike
0-1: Fly out, F8 (Flyball, 78M, EV 85.0 MPH)
Batting: LHB Nate Conley 0-0: SINGLE (Line Drive, 7LS, EV 105.0 MPH)
Batting: LHB Dave Talbert 0-0: Fielders Choice at 2nd, 5-4 (Groundball, 56, EV 84.4 MPH)
Bottom of the 4th over - 0 runs, 1 hit, 0 errors, 1 left on base; Colorado Springs 3 - Sacramento 0
TOP OF THE 5TH
Colorado Springs Sky Sox batting - Pitching for Sacramento River Cats : RHP Cortez Laris
Batting: RHB Fu-Kang Duan 0-0: Ball
1-0: Ball
2-0: Called Strike
2-1: Ball
3-1: Base on Balls
Batting: LHB Koson Hirai 0-0: Called Strike
0-1: Fly out, F7 (Flyball, 7LD, EV 95.0 MPH)
Batting: RHB John Michener 0-0: Called Strike
0-1: Ball
1-1: Ball
2-1: Fielders Choice at 2nd, 3-6 (Groundball, 3, EV 89.4 MPH)
Batting: LHB Dave Doughty 0-0: Ball
1-0: Ball
2-0: Ball
3-0: Ground out 3-1 (Groundball, 34S, EV 84.4 MPH)
Top of the 5th over - 0 runs, 0 hits, 0 errors, 1 left on base; Colorado Springs 3 - Sacramento 0
BOTTOM OF THE 5TH
Sacramento River Cats batting - Pitching for Colorado Springs Sky Sox : RHP Trey Price
Batting: RHB Roberto Duron 0-0: Called Strike
0-1: Foul Ball, location: 2F
0-2: Ball
1-2: Ball
2-2: Ball
3-2: DOUBLE (Line Drive, 7LM, EV 103.1 MPH)
Batting: LHB Fred Arends 0-0: Ball
1-0: Foul Ball, location: 2F
1-1: Ball
2-1: Foul Ball, location: 2F
2-2: Ball
3-2: Strikes out swinging
Batting: SHB Jason Spradling 0-0: Ball
1-0: Called Strike
1-1: Ball
2-1: DOUBLE (Line Drive, 5D, EV 108.8 MPH)
Roberto Duron scores
Batting: RHB Martin Guerrero 0-0: Ball
1-0: Called Strike
1-1: Swinging Strike
1-2: Ball
2-2: Ball
3-2: Foul Ball, location: 2F
3-2: Base on Balls
Batting: RHB Matt Fenimore 0-0: Called Strike
0-1: Ball
1-1: Ball
2-1: Grounds into double play, 1-4-3 (Groundball, P, EV 73.1 MPH)
Bottom of the 5th over - 1 run, 2 hits, 0 errors, 1 left on base; Colorado Springs 3 - Sacramento 1
TOP OF THE 6TH
Colorado Springs Sky Sox batting - Pitching for Sacramento River Cats : RHP Cortez Laris
Batting: RHB George Lundy 0-0: Ball
1-0: Called Strike
1-1: Ground out 1-3 (Groundball, 34S, EV 65.0 MPH)
Batting: RHB R.J. Anchondo 0-0: Called Strike
0-1: Ball
1-1: Foul Ball, location: 2F
1-2: Ball
2-2: Foul Ball, location: 2F
2-2: Ball
3-2: SINGLE (Groundball, 34D, EV 100.0 MPH)
Batting: RHB Eduardo Camacho 0-0: Swinging Strike
0-1: Called Strike
0-2: Ball
1-2: Foul Ball, location: 2F
1-2: Strikes out swinging
Pitching: LHP Gael Greene
Batting: RHB Colin Lord 0-0: Swinging Strike
0-1: Ball
1-1: Foul Ball, location: 2F
1-2: Ground out U3 (Groundball, 3, EV 104.4 MPH)
Top of the 6th over - 0 runs, 1 hit, 0 errors, 1 left on base; Colorado Springs 3 - Sacramento 1
BOTTOM OF THE 6TH
Sacramento River Cats batting - Pitching for Colorado Springs Sky Sox : RHP Trey Price
Batting: SHB Danny Garcia 0-0: Called Strike
0-1: Ball
1-1: Ground out 1-3 (Groundball, 34S, EV 70.0 MPH)
Batting: RHB Hugo Zacarias 0-0: Ground out 4-3 (Groundball, 4, EV 79.4 MPH)
Batting: LHB Nate Conley 0-0: Ball
1-0: Called Strike
1-1: Foul Ball, location: 2F
1-2: Ball
2-2: SOLO HOME RUN (Flyball, 9D, EV 95.6 MPH), Distance : 387 ft
Batting: LHB Dave Talbert 0-0: Ball
1-0: Ball
2-0: SINGLE (Line Drive, 8LS, EV 96.3 MPH)
Batting: RHB Roberto Duron 0-0: DOUBLE (Line Drive, 9LS, EV 92.5 MPH)
Dave Talbert to third
Runner from 3rd tries for Home, SAFE, throw by RF to home
Batting: LHB Fred Arends 0-0: Called Strike
0-1: Foul Ball, location: 2F
0-2: Ball
1-2: Ball
2-2: Ball
3-2: Foul Ball, location: 2F
3-2: Strikes out swinging
Bottom of the 6th over - 2 runs, 3 hits, 0 errors, 1 left on base; Colorado Springs 3 - Sacramento 3
TOP OF THE 7TH
Colorado Springs Sky Sox batting - Pitching for Sacramento River Cats : LHP Gael Greene
Batting: RHB Orlando Fernandez 0-0: Ball
1-0: Ball
2-0: Ball
3-0: Base on Balls
Batting: RHB Fu-Kang Duan 0-0: Bunted foul
0-1: Ball
1-1: Bunt missed!
1-2: Fielders Choice at 2nd, 4-6 (Groundball, 4, EV 89.4 MPH)
Batting: RHB Dwane Reed 0-0: Fly out, F8 (Flyball, 78M, EV 89.4 MPH)
Batting: RHB John Michener 0-0: Ball
1-0: Called Strike
1-1: Ball
2-1: Ground out 6-3 (Groundball, 6M, EV 86.9 MPH)
Top of the 7th over - 0 runs, 0 hits, 0 errors, 1 left on base; Colorado Springs 3 - Sacramento 3
BOTTOM OF THE 7TH
Sacramento River Cats batting - Pitching for Colorado Springs Sky Sox : RHP Trey Price
Pitching: RHP Gerardo Flores
Batting: SHB Jason Spradling 0-0: Called Strike
0-1: Ball
1-1: Called Strike
1-2: Ball
2-2: Ball
3-2: Foul Ball, location: 2F
3-2: Foul Ball, location: 2F
3-2: Foul Ball, location: 2F
3-2: Base on Balls
Batting: RHB Martin Guerrero 0-0: Called Strike
0-1: Ball
1-1: Foul Ball, location: 2F
1-2: Strikes out looking
Batting: RHB Matt Fenimore 0-0: Swinging Strike
0-1: Ball
1-1: Foul Ball, location: 2F
1-2: Ball
2-2: Ball
3-2: Foul Ball, location: 2F
3-2: Strikes out swinging
Batting: SHB Danny Garcia 0-0: Ground out U3 (Groundball, 3, EV 80.0 MPH)
Bottom of the 7th over - 0 runs, 0 hits, 0 errors, 1 left on base; Colorado Springs 3 - Sacramento 3
TOP OF THE 8TH
Colorado Springs Sky Sox batting - Pitching for Sacramento River Cats : LHP Gael Greene
Batting: LHB Dave Doughty 0-0: Ball
1-0: Ball
2-0: Ball
3-0: Called Strike
3-1: Foul Ball, location: 2F
3-2: Strikes out looking
Batting: RHB George Lundy 0-0: Called Strike
0-1: Swinging Strike
0-2: Ball
1-2: Ball
2-2: SINGLE (Groundball, 5S, EV 70.0 MPH) (infield hit)
Batting: RHB R.J. Anchondo 0-0: Ball
1-0: Foul Ball, location: 2F
1-1: Foul Ball, location: 2F
1-2: Strikes out swinging
Batting: RHB Eduardo Camacho 0-0: Ball
1-0: Called Strike
1-1: Ball
2-1: Foul Ball, location: 2F
2-2: Ball
3-2: Fly out, F6 (Popup, 6MS, EV 74.4 MPH)
Top of the 8th over - 0 runs, 1 hit, 0 errors, 1 left on base; Colorado Springs 3 - Sacramento 3
BOTTOM OF THE 8TH
Sacramento River Cats batting - Pitching for Colorado Springs Sky Sox : RHP Gerardo Flores
Pitching: RHP Edward Cadenhead
Pinch Hitting: LHB Juan Gonzalez 0-0: Ball
1-0: Swinging Strike
1-1: Foul Ball, location: 2F
1-2: Strikes out swinging
Batting: LHB Nate Conley 0-0: Ball
1-0: Ball
2-0: Fly out, F4 (Flyball, 4MD, EV 86.3 MPH)
Batting: LHB Dave Talbert 0-0: Ball
1-0: Swinging Strike
1-1: Ground out 6-3 (Groundball, 6, EV 83.1 MPH)
Bottom of the 8th over - 0 runs, 0 hits, 0 errors, 0 left on base; Colorado Springs 3 - Sacramento 3
TOP OF THE 9TH
Colorado Springs Sky Sox batting - Pitching for Sacramento River Cats : LHP Gael Greene
Pitching: RHP Tim Rymut
Now in LF: Juan Gonzalez
Now in RF: Fred Arends
Batting: RHB Colin Lord 0-0: Called Strike
0-1: Foul Ball, location: 2F
0-2: Strikes out swinging
Batting: RHB Orlando Fernandez 0-0: Called Strike
0-1: Ball
1-1: Swinging Strike
1-2: Foul Ball, location: 2F
1-2: Ground out 5-3 (Groundball, 56S, EV 68.1 MPH)
Batting: RHB Fu-Kang Duan 0-0: Ball
1-0: Ball
2-0: Foul Ball, location: 2F
2-1: Ball
3-1: Foul Ball, location: 2F
3-2: Foul Ball, location: 2F
3-2: Fly out, F9 (Flyball, 9LM, EV 86.3 MPH)
Top of the 9th over - 0 runs, 0 hits, 0 errors, 0 left on base; Colorado Springs 3 - Sacramento 3
BOTTOM OF THE 9TH
Sacramento River Cats batting - Pitching for Colorado Springs Sky Sox : RHP Edward Cadenhead
Batting: RHB Roberto Duron 0-0: Called Strike
0-1: Ball
1-1: Called Strike
1-2: Strikes out looking
Batting: LHB Fred Arends 0-0: Called Strike
0-1: Ball
1-1: Ball
2-1: Fly out, F4 (Popup, 4D, EV 48.8 MPH)
Batting: SHB Jason Spradling 0-0: Ball
1-0: Ground out 4-3 (Groundball, 4, EV 85.6 MPH)
Bottom of the 9th over - 0 runs, 0 hits, 0 errors, 0 left on base; Colorado Springs 3 - Sacramento 3
TOP OF THE 10TH
Colorado Springs Sky Sox batting - Pitching for Sacramento River Cats : RHP Tim Rymut
Batting: RHB Dwane Reed 0-0: Called Strike
0-1: Called Strike
0-2: Ball
1-2: Foul Ball, location: 2F
1-2: Fly out, F3 (Popup, 3SF, EV 71.9 MPH)
Batting: RHB John Michener 0-0: Swinging Strike
0-1: Ball
1-1: Foul Ball, location: 2F
1-2: Ground out 5-3 (Groundball, 56, EV 106.3 MPH)
Batting: LHB Dave Doughty 0-0: Ball
1-0: Ball
2-0: Called Strike
2-1: Foul Ball, location: 2F
2-2: Strikes out looking
Top of the 10th over - 0 runs, 0 hits, 0 errors, 0 left on base; Colorado Springs 3 - Sacramento 3
BOTTOM OF THE 10TH
Sacramento River Cats batting - Pitching for Colorado Springs Sky Sox : RHP Edward Cadenhead
Batting: RHB Martin Guerrero 0-0: Ball
1-0: SINGLE (Groundball, 56D, EV 108.1 MPH)
Pinch Hitting: LHB Nick Swank 0-0: Foul Ball, location: 2F
0-1: Ball
1-1: Foul Ball, location: 2F
1-2: Grounds into double play, 4-6-3 (Groundball, 4, EV 101.3 MPH)
Batting: SHB Danny Garcia 0-0: Foul Ball, location: 2F
0-1: Ball
1-1: Ground out 4-3 (Groundball, 4, EV 86.3 MPH)
Bottom of the 10th over - 0 runs, 1 hit, 0 errors, 0 left on base; Colorado Springs 3 - Sacramento 3
TOP OF THE 11TH
Colorado Springs Sky Sox batting - Pitching for Sacramento River Cats : RHP Tim Rymut
Now at C: Nick Swank
Batting: RHB George Lundy 0-0: Called Strike
0-1: SINGLE (Groundball, 34D, EV 104.4 MPH)
Batting: RHB R.J. Anchondo 0-0: Ball
1-0: Ball
2-0: Called Strike
2-1: Fly out, F4 (Popup, 34, EV 68.1 MPH)
Batting: RHB Eduardo Camacho 0-0: Ball
1-0: Ball
2-0: Ball
George Lundy steals 2nd, throwing error, E2
George Lundy to third
3-0: Called Strike
3-1: DOUBLE (Flyball, 3D, EV 80.0 MPH)
George Lundy scores
Pitching: RHP Herman Ruiz
Batting: RHB Colin Lord 0-0: Called Strike
0-1: Ball
1-1: Ground out 4-3 (Groundball, 34, EV 79.4 MPH)
Eduardo Camacho to third
Batting: RHB Orlando Fernandez 0-0: Fly out, F3 (Popup, 34S, EV 80.0 MPH)
Top of the 11th over - 1 run, 2 hits, 1 error, 1 left on base; Colorado Springs 4 - Sacramento 3
BOTTOM OF THE 11TH
Sacramento River Cats batting - Pitching for Colorado Springs Sky Sox : RHP Edward Cadenhead
Batting: LHB Juan Gonzalez 0-0: Ball
1-0: Ball
2-0: Called Strike
2-1: Foul Ball, location: 2F
2-2: Foul Ball, location: 2F
2-2: Ball
3-2: Strikes out looking
Batting: LHB Nate Conley 0-0: Ball
1-0: DOUBLE (Flyball, 89XD, EV 102.5 MPH)
Batting: LHB Dave Talbert 0-0: Ball
1-0: Ball
2-0: Ground out 2-3 (Groundball, 2L, EV 69.4 MPH)
Nate Conley to third
Pitching: LHP Jim McCutcheon
Batting: RHB Roberto Duron 0-0: Ball
1-0: Ball
2-0: Foul Ball, location: 2F
2-1: Swinging Strike
2-2: DOUBLE (Flyball, 8RXD, EV 96.3 MPH)
Nate Conley scores
Batting: LHB Fred Arends 0-0: Ball
1-0: Ball
2-0: DOUBLE (Flyball, 8LXD, EV 103.8 MPH)
Roberto Duron scores
Bottom of the 11th over - 2 runs, 3 hits, 0 errors, 0 left on base; Colorado Springs 4 - Sacramento 5
Game Over ... Sacramento defeats Colorado Springs, 5 to 4
Thursday, March 31st , 2022 - OOTP Baseball 22.12 Build 89